[Event "*** Titled Tuesday Blitz"]
[Site "Chess.com"]
[Date "2020.04.14"]
[Round "4"]
[White "guillembaches"]
[Black "Rogue_King"]
[Result "1-0"]
[WhiteElo "2451"]
[BlackElo "2260"]
[TimeControl "180+1"]
[EndTime "10:40:22 PDT"]
[Termination "guillembaches won by resignation"]

1. e4 c5 2. Nf3 Nc6 3. d4 cxd4 4. Nxd4 Nf6 5. Nc3 e5 6. Ndb5 d6 7. Bg5 a6 8. Na3 b5 9. Nd5 Be7 10. Bxf6 Bxf6 11. c4 b4 12. Nc2 Rb8 13. Be2 O-O 14. O-O Be6 15. b3 Bg5 16. Bg4 f5 17. exf5 Bxf5 18.
Bxf5 Rxf5 19. Qd3 Rf7 20. Rad1 Qd7 21. Qe4 Rbf8 22. Rd3 a5 23. g3 Kh8 24. Kg2 Bd8 25. f3 Ne7 26. Nxe7 Qxe7 27. Ne3 Bb6 28. Nd5 Qa7 29. Nxb6 Qxb6 30. Rfd1 Rf6 31. Re3 h6 32. Rdd3 Qa7 33. Qd5 a4 34. c5 axb3 35. axb3 Qa2+ 36.
Rd2 Qb1 37. cxd6 Rd8 38. d7 Qf5 39. Rxe5 Qg6 40. Re7 Rff8 41. Qe4 Qg5 42. Qe3 Qf6 43. Re6 Qf7 44. Re7 Qf6 45. f4 Qc6+ 46. Qe4 Qf6 47. Qe5 Qc6+ 48. Kg1 Qc1+ 49. Qe1 Qxe1+ 50. Rxe1 Kg8 51.
Re7 Kh7 52. Kg2 Kg6 53. Rd6+ Kh7 54. Kf3 h5 55. Ke4 1-0

[Event "*** Titled Tuesday Blitz"]
[Site "Chess.com"]
[Date "2020.04.14"]
[Round "4"]
[White "Guachiney"]
[Black "temiksmozg"]
[Result "1/2-1/2"]
[WhiteElo "2832"]
[BlackElo "2651"]
[TimeControl "180+1"]
[EndTime "10:40:23 PDT"]
[Termination "Game drawn by repetition"]

1. e4 e5 2. Nf3 Nc6 3. Bc4 Bc5 4. c3 Nf6 5. d3 d6 6. Bg5 h6 7. Bh4 a6 8. a4 Ba7 9. Nbd2 Qe7 10. b4 g5 11. Bg3 Nh5 12. Qb3 Nd8 13. a5 Ne6 14. b5 axb5 15. Bxb5+ c6 16. Bc4 Nhf4 17. Bxf4 gxf4 18.
g3 Qf6 19. Rf1 Ng5 20. h4 Nxf3+ 21. Nxf3 Rb8 22. Nd2 Bh3 23. O-O-O Bxf1 24. Rxf1 O-O 25. Kc2 Kh8 26. h5 Qg7 27. gxf4 Qf6 28. f5 Kh7 29. Nf3 Bc5 30. Nh2 b5 31. axb6 Rxb6 32. Qa2 Rfb8 33. Ng4 Qg5 34. f3 Rb2+ 35. Qxb2 Rxb2+ 36. Kxb2 Qd2+ 37. Kb3 Qe2 38. Ra1 Qxf3 39. Nf6+ Kg7 40. Ne8+ Kf8 41. Ra8 Qd1+ 42. Kb2 Qd2+ 43. Kb3 Qd1+ 44.
Kb2 d5 45. exd5 cxd5 46. Nf6+ Ke7 47. Nxd5+ Kd6 48. f6 Qd2+ 49. Kb3 Qd1+ 50. Kb2 Qd2+ 51. Kb3 Qd1+ 52. Kb2 1/2-1/2

[Event "*** Titled Tuesday Blitz"]
[Site "Chess.com"]
[Date "2020.04.14"]
[Round "4"]
[White "ElHelvetico"]
[Black "Saloni1299"]
[Result "1-0"]
[WhiteElo "2608"]
[BlackElo "2235"]
[TimeControl "180+1"]
[EndTime "10:40:23 PDT"]
[Termination "ElHelvetico won by resignation"]

1. e4 e6 2. d4 d5 3. Nc3 Bb4 4. e5 c5 5. a3 Bxc3+ 6. bxc3 Ne7 7. Qg4 Qc7 8. Bd3 c4 9. Bf1 Nf5 10. h4 Nc6 11. h5 h6 12. Ne2 Nce7 13. Qh3 Nc6 14.
g4 Nfe7 15. a4 Bd7 16. Ba3 O-O-O 17. Qe3 Rdg8 18. Kd2 f5 19. Bh3 g6 20. hxg6 Rxg6 21. gxf5 Nxf5 22. Bxf5 exf5 23. Nf4 Rg4 24. Bd6 Qd8 25.
Nxd5 Re4 26. Qh3 Be6 27. Nf6 Nxe5 28. Nxe4 Ng4 29. Nc5 Qxd6 30. Nxe6 Qxe6 31. Rae1 Qf6 32. Qh4 Qd6 33. Qg3 Qf6 34. f3 Qg5+ 35. f4 Qf6 36.
Kc1 Qd6 37. Rh5 Qa3+ 38. Kd2 Rd8 39. Qg1 Qd6 40. Rxf5 h5 41. Kc1 Qa3+ 42. Kd2 Qd6 43. Rfe5 Nxe5 44. fxe5 Qh6+ 45. Qe3 Qe6 46. Rh1 Rg8 47.
Qh3 Rg4 48. Qxh5 Rg2+ 49. Kc1 Qe7 50. Qh8+ Kc7 51. Rh7 Rg7 52. Rxg7 Qxg7 53. Qxg7+ Kb6 54. Qf7 Ka5 55. e6 Kxa4 56. e7 1-0

[Event "*** Titled Tuesday Blitz"]
[Site "Chess.com"]
[Date "2020.04.14"]
[Round "4"]
[White "josiwales"]
[Black "machupichu10"]
[Result "1/2-1/2"]
[WhiteElo "2576"]
[BlackElo "2797"]
[TimeControl "180+1"]
[EndTime "10:40:24 PDT"]
[Termination "Game drawn by repetition"]

1. e4 c5 2. Nc3 e6 3. g3 Nc6 4.
Bg2 g6 5. d3 Bg7 6. Be3 b6 7.
Qd2 Bb7 8. h4 h6 9. Nge2 Nge7 10. d4 cxd4 11. Nxd4 Ne5 12. Ndb5 Nc4 13. Qe2 Nxe3 14.
Nd6+ Kf8 15. Qxe3 Bc6 16. Qf4 f5 17. O-O g5 18. hxg5 Ng6 19. Qd2 Qxg5 20. Qxg5 hxg5 21. exf5 exf5 22. Nxf5 Bxc3 23. bxc3 Ne5 24. f4 Bxg2 25. Kxg2 Ng4 26. fxg5 Kg8 27. Rf4 Ne5 28. Raf1 Ng6 29. Nh6+ Rxh6 30. gxh6 Nxf4+ 31. Rxf4 Rc8 32. g4 Kh7 33. c4 Kxh6 34. Kg3 Kg5 35. Rd4 Rc6 36. Rd5+ Kg6 37. Rxd7 Rxc4 38. Rxa7 Rxc2 39. Rb7 Kg5 40. Rg7+ Kf6 41. Rh7 Rxa2 42. Rh6+ Kg5 43. Rh5+ Kg6 44. Rb5 Ra6 45. Kf4 Ra4+ 46. Kg3 Ra6 47. Kh4 Kg7 48.
Kg5 Ra5 49. Rf5 Ra7 50. Rb5 Ra5 51. Rf5 Ra7 52. Rb5 Ra5 1/2-1/2

[Event "*** Titled Tuesday Blitz"]
[Site "Chess.com"]
[Date "2020.04.14"]
[Round "4"]
[White "CastleOasisChess"]
[Black "Oleg_Papayan"]
[Result "1-0"]
[WhiteElo "2083"]
[BlackElo "2372"]
[TimeControl "180+1"]
[EndTime "10:40:24 PDT"]
[Termination "CastleOasisChess won on time"]

1. d4 Nf6 2. e3 d5 3. Bd3 Bg4 4. f3 Bh5 5. Ne2 e6 6. Nd2 c5 7. c3 Nc6 8. f4 Bd6 9. O-O Qc7 10.
Qe1 cxd4 11. exd4 Bxe2 12. Qxe2 Bxf4 13. Nf3 Bxc1 14. Raxc1 O-O-O 15. Rce1 Kb8 16. Ne5 Nxe5 17. Qxe5 Rd7 18. Qxc7+ Kxc7 19. Rf4 Kd6 20. h4 h5 21.
Ref1 Rc7 22. Kh2 Ng4+ 23. Kh3 f5 24. Kg3 Rh6 25. R4f3 Rg6 26. Kh3 a6 27. Rc1 b5 28.
b3 Nf6 29. c4 bxc4 30. bxc4 dxc4 31. Rxc4 Rxc4 32. Bxc4 Rg4 33. Bxa6 Rxd4 34. Rd3 e5 35. Rxd4+ exd4 36. Kg3 Ke5 37. Kf3 Nd5 38. a4 Ne7 39. Bb5 Nc8 40. a5 Kd6 41. Kf4 Kc5 42. Bd3 Kb4 43.
Kxf5 Kc3 44. Ke4 Na7 45. Be2 Nc6 46. a6 Na7 47. Bxh5 d3 48. g4 Kc2 49. g5 d2 50.
Be2 d1=Q 51. Bxd1+ Kxd1 52. h5 Ke2 53. h6 gxh6 54.
gxh6 1-0

[Event "*** Titled Tuesday Blitz"]
[Site "Chess.com"]
[Date "2020.04.14"]
[Round "4"]
[White "AlessiaSanteramo"]
[Black "FM_Deuteronomio32"]
[Result "1-0"]
[WhiteElo "2060"]
[BlackElo "2227"]
[TimeControl "180+1"]
[EndTime "10:40:24 PDT"]
[Termination "AlessiaSanteramo won on time"]

1. e4 c5 2. Nf3 d6 3. Bb5+ Bd7 4. Bxd7+ Qxd7 5. c4 Nf6 6. Nc3 g6 7. d4 cxd4 8. Nxd4 Bg7 9. f3 O-O 10. Be3 Rc8 11.
b3 e6 12. O-O d5 13. exd5 exd5 14. Nde2 dxc4 15. bxc4 Rxc4 16. Rb1 Qe7 17. Bf2 Nc6 18. Nb5 Rd8 19. Qe1 a6 20. Nbc3 Rd3 21. Nd1 Nd5 22. Nc1 Qxe1 23. Rxe1 Rd2 24. Nb3 Rxa2 25. Re8+ Bf8 26.
Bc5 Nde7 27. Ne3 Rc3 28. Nd5 Rxc5 29. Nxe7+ Nxe7 30. Nxc5 Nf5 31. Nd7 Nd6 32. Rxf8+ Kg7 33. Rb8 b5 34. Nc5 Nc4 35. Ra8 Ne3 36. Rxa6 Rxg2+ 37. Kh1 Rc2 38. Nd7 Nc4 39. Ra7 Kh6 40. Nc5 Kg5 41.
Ne4+ Kf4 42. Rxf7+ Ke3 43. Ng5 h6 44. Re7+ Kf2 45.
Ne4+ Kxf3 46. Rf1+ Kg4 47. Nf2+ Kg5 48. Rc7 b4 49. Rc5+ 1-0

[Event "*** Titled Tuesday Blitz"]
[Site "Chess.com"]
[Date "2020.04.14"]
[Round "4"]
[White "eljanov"]
[Black "Vesper2018"]
[Result "1/2-1/2"]
[WhiteElo "2800"]
[BlackElo "1856"]
[TimeControl "180+1"]
[EndTime "10:40:25 PDT"]
[Termination "Game drawn by agreement"]

1. e4 c5 2. Nf3 d6 3. d4 cxd4 4. Nxd4 Nf6 5. Nc3 a6 6. Be2 e5 7.
Nb3 Be7 8. O-O O-O 9. Bf3 Be6 10.
Re1 Nbd7 11. a4 Qc7 12. Be3 Rfd8 13. a5 Nc5 14. Nxc5 dxc5 15. Qe2 Qc6 16. Na4 c4 17. Nb6 Rab8 18. Bg5 h6 19. Bxf6 Bxf6 20. c3 Be7 21. Nd5 Bf8 22. Red1 Rd7 23. Bg4 Rbd8 24. Bxe6 fxe6 25.
Nb6 Rxd1+ 26. Rxd1 Qxe4 27. Qf1 Rd3 28. Re1 Qc6 29.
Rxe5 Bd6 30. Re1 Bc7 31. g3 Bxb6 32. axb6 Qxb6 33. Qe2 Kf7 34. Qe4 Qc6 35. Qxc6 bxc6 36.
Re4 Rd2 37. Rxc4 Rxb2 38. Rxc6 Ra2 39. Kf1 a5 40. c4 a4 41. Ra6 a3 42. c5 Ke7 43.
Ra7+ Kf6 44. h4 g6 45. Kg2 Ke5 46. c6 Rc2 47. Rxa3 Rxc6 48. Ra7 Kf6 49. Rh7 h5 50. Rd7 Rc2 51. Rd3 Ra2 52. Re3 1/2-1/2

[Event "*** Titled Tuesday Blitz"]
[Site "Chess.com"]
[Date "2020.04.14"]
[Round "4"]
[White "Schandenfreude"]
[Black "LileKoridze"]
[Result "1-0"]
[WhiteElo "2487"]
[BlackElo "2269"]
[TimeControl "180+1"]
[EndTime "10:40:25 PDT"]
[Termination "Schandenfreude won by resignation"]

1. Nf3 Nf6 2. g3 d5 3. Bg2 c5 4.
O-O Nc6 5. d4 e6 6. c4 cxd4 7.
Nxd4 Be7 8. Nc3 O-O 9. cxd5 exd5 10. Bg5 Be6 11. Rc1 a6 12. Nxc6 bxc6 13. Na4 Rc8 14.
Nc5 Qb6 15. Nxe6 fxe6 16. Bh3 c5 17. Qb3 Qd6 18. Bf4 Qd7 19. Qe3 Rc6 20. Rfd1 Kh8 21.
Be5 Qe8 22. Bxf6 Rxf6 23. Bg2 Rb6 24. b3 Qf8 25. Rf1 Rb8 26. Qd3 Rb6 27. e4 d4 28.
f4 Qd8 29. Rc4 Rf8 30. e5 Qc7 31. Be4 g6 32. Qxd4 Rd8 33. Qe3 Rd4 34. Rfc1 Qd7 35. Rxd4 cxd4 36. Qd3 a5 37. Rc4 Rb4 38. Kg2 Rxc4 39.
Qxc4 Bb4 40. h4 Kg7 41. Qd3 Bc5 42. h5 Qe8 43. hxg6 h6 44. Qa6 Qd7 45. Qb7 Qxb7 46.
Bxb7 Kxg6 47. Be4+ Kf7 48. Kf3 Kg7 49. g4 Kf7 50. f5 exf5 51. gxf5 Bb6 52. Bd5+ Ke7 53. Ke4 h5 54. f6+ Kf8 55. e6 Bc7 56. e7+ 1-0

[Event "*** Titled Tuesday Blitz"]
[Site "Chess.com"]
[Date "2020.04.14"]
[Round "4"]
[White "GMKrikor"]
[Black "harvsp123"]
[Result "0-1"]
[WhiteElo "2696"]
[BlackElo "2543"]
[TimeControl "180+1"]
[EndTime "10:40:26 PDT"]
[Termination "harvsp123 won by resignation"]

1. e4 c5 2. Nf3 d6 3. d4 cxd4 4. Nxd4 Nf6 5. Nc3 a6 6. a3 e5 7.
Nf5 d5 8. Bg5 d4 9. Bxf6 Qxf6 10. Nd5 Qc6 11. c4 Be6 12. Bd3 g6 13. Nf6+ Kd8 14. Ng3 h5 15. O-O Bh6 16. Nd5 Nd7 17. b4 h4 18. Ne2 h3 19. g3 f5 20. f3 Bxd5 21. cxd5 Be3+ 22. Kh1 Qf6 23. Ra2 Ke7 24. Rc2 Rac8 25. Qb1 b5 26. exf5 gxf5 27. Rxc8 Rxc8 28.
Bxf5 Rc7 29. Bxh3 Nb6 30. Qe4 Nc4 31. f4 Nd2 32. Qh7+ Kd6 33. fxe5+ Qxe5 34. Qg6+ Kxd5 35.
Bg2+ Kc4 36. Rc1+ Kb3 37. Qd3+ Ka4 38. Rxc7 Qxc7 39. Bd5 a5 40. Kg2 axb4 41. axb4 Kxb4 42. h4 Ka5 43. Bf3 Qc5 44. Be4 b4 45. h5 b3 46.
Bf5 b2 47. Be4 b1=Q 48. Qxb1 Nxb1 49. Bxb1 Qd5+ 50. Kh3 Qxh5+ 51. Kg2 Qxe2+ 0-1

[Event "*** Titled Tuesday Blitz"]
[Site "Chess.com"]
[Date "2020.04.14"]
[Round "4"]
[White "Etoilegeniale"]
[Black "CakeinSpace2002"]
[Result "1-0"]
[WhiteElo "2514"]
[BlackElo "2211"]
[TimeControl "180+1"]
[EndTime "10:40:26 PDT"]
[Termination "Etoilegeniale won by resignation"]

1. e4 e5 2. Nf3 Nc6 3. Bb5 a6 4. Ba4 Nf6 5. O-O b5 6. Bb3 Be7 7. Re1 O-O 8. c3 d6 9. h3 Na5 10. Bc2 c5 11. d4 cxd4 12. cxd4 Re8 13. Nc3 Bb7 14. d5 Bc8 15. Ne2 Bd7 16. Ng3 Qb8 17. Nh2 Rc8 18. Bd3 Nb7 19. Qf3 Nc5 20. Bf1 b4 21. Nf5 Bxf5 22. Qxf5 Qb7 23. Ng4 Qd7 24. Qf3 Nfxe4 25. Rxe4 Nxe4 26. Qxe4 f5 27. Nh6+ gxh6 28.
Qxb4 Bg5 29. Bxg5 hxg5 30. Qd2 Qe7 31. b4 e4 32. a4 f4 33. Re1 Re8 34. b5 axb5 35.
Bxb5 Rf8 36. Qd4 Qe5 37. Qxe5 dxe5 38. Rxe4 Rfd8 39. Rxe5 h6 40. Re6 Kg7 41. d6 Rab8 42. d7 Rb7 43. Rd6 h5 44. Kf1 Rc7 45. Rd5 Kg6 46. Rd6+ Kf5 47. Ke2 Ke5 48. Rh6 Rc2+ 49. Ke1 Rc1+ 50. Kd2 Rc7 51. Rxh5 Ke4 52. Rxg5 Rdxd7+ 53. Bxd7 Rxd7+ 54. Ke2 Ra7 55. a5 1-0

[Event "*** Titled Tuesday Blitz"]
[Site "Chess.com"]
[Date "2020.04.14"]
[Round "4"]
[White "Malev212"]
[Black "CookiesAndIceCream"]
[Result "0-1"]
[WhiteElo "2519"]
[BlackElo "2347"]
[TimeControl "180+1"]
[EndTime "10:40:27 PDT"]
[Termination "CookiesAndIceCream won by checkmate"]

1. d4 d5 2. c4 c6 3. Nc3 Nf6 4. e3 e6 5. Nf3 Nbd7 6. Bd2 Bd6 7. Rc1 O-O 8. g3 dxc4 9. a4 e5 10. Bxc4 e4 11. Ng5 Nb6 12. Bb3 Bf5 13. f3 exf3 14.
Qxf3 Bg4 15. Qg2 h6 16. Nxf7 Rxf7 17. e4 Bb4 18. Be3 Bxc3+ 19. bxc3 Qe7 20. Bxf7+ Qxf7 21. O-O Qe6 22. Rf4 Re8 23. Re1 Nc4 24. Bc1 Bh5 25. h3 Bg6 26. e5 Nd5 27. Rf3 b5 28. Ref1 Be4 29. axb5 Bxf3 30. Qxf3 cxb5 31. Kh2 a5 32. Qh5 a4 33. g4 Rf8 34. Rf5 Rxf5 35.
gxf5 Qf7 36. Qf3 Ncb6 37. e6 Qc7+ 38. Kg2 Qe7 39. Qh5 Qf6 40. Kf3 Nxc3 41. Qe8+ Kh7 42. e7 Qxf5+ 43. Kg2 Ncd5 44. Ba3 Nc4 45. Qf8 Qe4+ 46.
Kg3 Nxe7 47. Bxe7 Qxd4 48. Qf5+ Kg8 49. Qf8+ Kh7 50. Qf5+ g6 51. Qf8 Qe5+ 52. Kg2 Ne3+ 53. Kh1 Qe4+ 54. Kg1 Qg2# 0-1

[Event "*** Titled Tuesday Blitz"]
[Site "Chess.com"]
[Date "2020.04.14"]
[Round "4"]
[White "Aemulus20"]
[Black "Jumbo"]
[Result "0-1"]
[WhiteElo "2579"]
[BlackElo "2853"]
[TimeControl "180+1"]
[EndTime "10:40:28 PDT"]
[Termination "Jumbo won by resignation"]

1. e4 g6 2. d4 Bg7 3. Nc3 d6 4. Nf3 Nf6 5. h3 Nc6 6. Be3 O-O 7. Be2 a6 8. a4 b6 9. O-O Bb7 10. d5 Nb8 11. Nd2 c6 12. Nc4 Nbd7 13. a5 b5 14. Nb6 Nxb6 15. Bxb6 Qd7 16. dxc6 Bxc6 17. Bf3 Qb7 18. Re1 Rac8 19. Nd5 Bxd5 20. exd5 Rfe8 21. Ra3 Nd7 22. Bg4 Nxb6 23. axb6 Rc5 24. Qa1 Ra8 25.
Rae3 Bf6 26. c3 Qxb6 27. Qd1 Qb7 28. Qb3 a5 29. g3 Kg7 30. h4 h5 31. Bf3 b4 32.
Kg2 Rb5 33. Be2 a4 34. Qc4 Rb6 35. Ra1 a3 36. bxa3 bxa3 37. Ra2 Ra5 38. Bf3 Rb2 39. Re2 Rxe2 40. Bxe2 Rc5 41. Qe4 Rxc3 42. Bc4 Qb4 43. Bd3 Qc5 44. Be2 Qb6 45. g4 hxg4 46. h5 Qb3 47. Rd2 a2 48. hxg6 fxg6 49. Bd3 Rxd3 50.
Rxd3 Qxd3 51. Qxd3 a1=Q 0-1

[Event "*** Titled Tuesday Blitz"]
[Site "Chess.com"]
[Date "2020.04.14"]
[Round "4"]
[White "KuzubovYuriy"]
[Black "UCantHandleDenker"]
[Result "0-1"]
[WhiteElo "2781"]
[BlackElo "2579"]
[TimeControl "180+1"]
[EndTime "10:40:28 PDT"]
[Termination "UCantHandleDenker won on time"]

1. d4 Nf6 2. Nf3 g6 3. Nbd2 Bg7 4. e4 d6 5. Bd3 O-O 6. O-O Nc6 7. Re1 e5 8. dxe5 dxe5 9. Nc4 Nh5 10. Bg5 Qe8 11. Ne3 f6 12. Bh4 Nf4 13. Bc4+ Kh8 14. Bg3 Ne6 15. Bd5 Bd7 16. c3 a6 17. Qc2 h5 18. h3 Bh6 19. Rad1 Rd8 20. b4 Kh7 21. Bb3 Ne7 22. a4 Nf4 23. a5 Bc6 24. Bxf4 Bxf4 25. Nd5 Bxd5 26. exd5 Nc8 27. c4 Nd6 28. c5 Nb5 29.
Ba4 Qf7 30. Bxb5 axb5 31. c6 bxc6 32. Qxc6 Rd6 33. Qxb5 Rfd8 34. a6 c6 35. Qa4 cxd5 36. b5 d4 37. Rb1 Rb6 38. Qa5 Qa7 39. Nd2 Bxd2 40. Qxd2 Rdb8 41. Qd3 Qa8 42. f4 Qd5 43.
fxe5 fxe5 44. a7 Ra8 45. Rbc1 Rxa7 46. Rc8 Rf7 47. Qg3 d3 48. Rxe5 Qd4+ 49. Kh2 Rbf6 50. Rxh5+ gxh5 51. Qg8+ Kh6 52. Qh8+ Kg6 53. Rg8+ Kf5 54.
Qxh5+ Ke6 55. Rg4 Qe5+ 56. g3 Qxh5 0-1

[Event "*** Titled Tuesday Blitz"]
[Site "Chess.com"]
[Date "2020.04.14"]
[Round "4"]
[White "axvesik"]
[Black "Kirill_Klukin"]
[Result "1-0"]
[WhiteElo "2452"]
[BlackElo "2700"]
[TimeControl "180+1"]
[EndTime "10:40:28 PDT"]
[Termination "axvesik won by resignation"]

1. e4 c5 2. Nf3 Nc6 3. d4 cxd4 4. Nxd4 e5 5. Nb5 d6 6. c4 Be7 7. N1c3 a6 8. Na3 Be6 9. Be2 Bg5 10. O-O Bxc1 11.
Rxc1 Nf6 12. Nc2 O-O 13. Qd2 Qb6 14. b3 Rfd8 15. Bf3 Rac8 16. Rfd1 h6 17. h3 Qa5 18. Nd5 Bxd5 19. Qxa5 Nxa5 20. cxd5 Rc3 21. Nb4 Rdc8 22.
Rxc3 Rxc3 23. Kf1 Kf8 24. Ke2 Ke7 25. Kd2 Rc7 26. Rc1 Rxc1 27. Kxc1 Kd7 28. Kd2 Kc7 29. Ke3 Kd8 30. Be2 Nd7 31. Nc2 b5 32. f3 Kc7 33. Nb4 Nb8 34. Kd2 Kb6 35. Kc3 Nb7 36. Nd3 a5 37. a3 Na6 38. b4 axb4+ 39. axb4 Nc7 40. Ne1 Ne8 41. Nc2 Nf6 42. Ne3 g6 43. g4 Nh7 44. Nc2 Ng5 45. h4 Nh3 46. Bf1 Nf4 47.
Na3 h5 48. g5 Nd8 49. Nxb5 Nb7 50. Na3 Kc7 51. Nc4 Nd8 52. b5 Nb7 53. b6+ Kd7 54. Kb4 Nc5 55. Kb5 Nb3 56. Ka6 Nc5+ 57. Ka7 Nfd3 58.
Bxd3 Nxd3 59. b7 1-0

[Event "*** Titled Tuesday Blitz"]
[Site "Chess.com"]
[Date "2020.04.14"]
[Round "4"]
[White "varacalli"]
[Black "wnstop"]
[Result "1/2-1/2"]
[WhiteElo "2382"]
[BlackElo "2578"]
[TimeControl "180+1"]
[EndTime "10:40:28 PDT"]
[Termination "Game drawn by repetition"]

1. e4 c5 2. Nf3 d6 3. d4 cxd4 4.
Nxd4 Nf6 5. Nc3 Nc6 6. Be2 e5 7. Nf3 h6 8. O-O Be7 9. h3 O-O 10. Nh2 a6 11. Ng4 b5 12. Nxf6+ Bxf6 13. Nd5 Be6 14.
c3 Bg5 15. Bxg5 Qxg5 16. Nc7 Bxh3 17. Bf3 Rad8 18. Qc1 Bc8 19. Qxg5 hxg5 20. g3 g6 21. Nd5 Kg7 22. a4 Be6 23. axb5 axb5 24. Rfd1 Ra8 25. Rxa8 Rxa8 26. Nc7 Rd8 27. Nxb5 Rb8 28. Nxd6 Rxb2 29. Ne8+ Kf8 30. Nf6 Rc2 31. Rd3 Bc4 32. Rd6 Bb5 33. Rd5 Ba4 34. Nd7+ Kg7 35. Nxe5 Rxc3 36. Kg2 Nb4 37.
Rd4 Nc6 38. Rd5 Nxe5 39. Rxe5 Kf6 40. Ra5 Bd7 41. e5+ Kg7 42. Bd5 Rc7 43. Ba2 Bf5 44. Bd5 g4 45. Ra4 Rd7 46. Be4 Re7 47. Bxf5 gxf5 48.
Ra5 Kg6 49. f4 Rb7 50. Ra6+ Kg7 51. Rf6 Rb2+ 52. Kg1 Rb1+ 53. Kf2 Rb2+ 54. Kf1 Rb1+ 55.
Kg2 Rb2+ 56. Kh1 Rb1+ 57. Kh2 Rb2+ 58. Kg1 Rb1+ 59. Kg2 Rb2+ 1/2-1/2

[Event "*** Titled Tuesday Blitz"]
[Site "Chess.com"]
[Date "2020.04.14"]
[Round "4"]
[White "Donseng"]
[Black "Manukyan_Artak"]
[Result "1-0"]
[WhiteElo "2524"]
[BlackElo "2326"]
[TimeControl "180+1"]
[EndTime "10:40:28 PDT"]
[Termination "Donseng won by resignation"]

1. e4 c5 2. Nf3 a6 3. c3 d5 4. exd5 Qxd5 5. d4 Bg4 6. Be2 e6 7. O-O Nf6 8. h3 Bh5 9. c4 Qd6 10. Nc3 cxd4 11. Nxd4 Bxe2 12. Ndxe2 Nc6 13. Bf4 Qxd1 14.
Rfxd1 Rd8 15. a3 Be7 16. b4 O-O 17. Bc7 Rxd1+ 18. Rxd1 Rc8 19. Bb6 Kf8 20. c5 Bd8 21. Bxd8 Rxd8 22. Rxd8+ Nxd8 23. Nd4 Ke7 24. f4 Kd7 25.
Kf2 Nc6 26. Ke3 Ne7 27. g3 Ned5+ 28. Nxd5 Nxd5+ 29. Kd3 h5 30. Nf3 f6 31. Kd4 Ne7 32. Ke4 Nf5 33. g4 hxg4 34. hxg4 Ne7 35. Nd2 Kc6 36.
Nc4 Nc8 37. f5 e5 38. Na5+ Kc7 39. Kd5 b6 40. Nb3 Kd7 41. c6+ Kc7 42. Ke6 Kxc6 43. Kf7 Nd6+ 44. Kxg7 Ne4 45. Kg6 Kd5 46. a4 Kc4 47. a5 b5 48. Nc5 Nxc5 49. bxc5 Kxc5 50. g5 e4 51. gxf6 e3 52. f7 e2 53. f8=Q+ Kc4 54.
Qe7 Kd3 55. f6 1-0

[Event "*** Titled Tuesday Blitz"]
[Site "Chess.com"]
[Date "2020.04.14"]
[Round "4"]
[White "ristingho"]
[Black "smshk35"]
[Result "1-0"]
[WhiteElo "2465"]
[BlackElo "2279"]
[TimeControl "180+1"]
[EndTime "10:40:28 PDT"]
[Termination "ristingho won by resignation"]

1. d4 Nf6 2. c4 g6 3. Nc3 Bg7 4. e4 d6 5. h3 O-O 6. Be3 c5 7. Nf3 Qa5 8. Bd3 cxd4 9. Nxd4 Nc6 10. O-O Nd7 11. Be2 Nc5 12. f3 a6 13. a3 Nxd4 14.
Bxd4 Bxd4+ 15. Qxd4 Nb3 16. Qd3 Qc5+ 17. Kh1 Nxa1 18. b4 Qh5 19. Rxa1 Be6 20. Rc1 Rac8 21. Nd5 Bxd5 22. exd5 Qg5 23. Rc2 h5 24. Qe4 Kg7 25. f4 Qh4 26. Bf3 b5 27. c5 a5 28. c6 axb4 29.
axb4 Ra8 30. Kh2 Qf6 31. Re2 Rfe8 32. Qe3 h4 33. Bg4 e5 34. dxe6 fxe6 35. Bxe6 Ra1 36. f5 gxf5 37. c7 Rc1 38. Qxc1 Rxe6 39. c8=Q Rxe2 40.
Q1c7+ Re7 41. Qc1 Qe5+ 42. Kh1 Qg3 43. Q8c3+ Qxc3 44. Qxc3+ Re5 45. Qc7+ Kf6 46. Qxd6+ Re6 47. Qd4+ Kg5 48. Qd2+ Kg6 49. Qd5 Re4 50. Qxb5 Kg5 51. Qc5 Kf4 52. Qf2+ Kg5 53. b5 Rb4 54. b6 1-0

[Event "*** Titled Tuesday Blitz"]
[Site "Chess.com"]
[Date "2020.04.14"]
[Round "4"]
[White "Ovsiannikov_Maxim"]
[Black "SlavenPastar"]
[Result "1-0"]
[WhiteElo "2223"]
[BlackElo "2406"]
[TimeControl "180+1"]
[EndTime "10:40:28 PDT"]
[Termination "Ovsiannikov_Maxim won by resignation"]

1. d4 b6 2. Nf3 Bb7 3. Nc3 e6 4. Bf4 Nf6 5. e3 Be7 6. Bd3 O-O 7. O-O a5 8. a4 Na6 9. h3 Nb4 10. Be2 Qb8 11. Nb5 d6 12. c3 Na6 13. Qc2 c6 14. Na3 Qa7 15. Nc4 Rac8 16. Nxd6 Bxd6 17. Bxd6 Rfd8 18. Be7 Rd7 19. Bxf6 gxf6 20. Bd3 Kf8 21. Bxh7 Ke7 22. Bd3 Rh8 23. e4 Rdd8 24. e5 f5 25. Qd2 Rdg8 26. Ng5 c5 27. f4 cxd4 28. cxd4 Nb4 29. Bc4 Rd8 30. Rad1 Rd7 31. Qf2 Bc6 32.
b3 Qb7 33. Rd2 Rdd8 34. Rfd1 Rd7 35. Kh2 Rdd8 36. Qe2 Rd7 37. Bb5 Rhd8 38. Bxc6 Qxc6 39. Qh5 Rf8 40. Qh4 Ke8 41. Nh7 Nd5 42. Nxf8 Kxf8 43. Qf2 Qc3 44. Rd3 Qc8 45. Rg3 Qc6 46.
Qf3 Ke7 47. Rg7 Kd8 48. h4 Kc7 49. h5 Kb7 50. h6 Qc8 51. h7 Qh8 52. Qg3 Ne7 53.
Rc1 Ng6 54. Qxg6 fxg6 55. Rxd7+ Kb8 56. Rcc7 Qf8 57. Rb7+ Ka8 58. Ra7+ Kb8 59. Rdb7+ Kc8 60. Ra8+ Kxb7 61. Rxf8 1-0

[Event "*** Titled Tuesday Blitz"]
[Site "Chess.com"]
[Date "2020.04.14"]
[Round "4"]
[White "chessdjw"]
[Black "figo13"]
[Result "1-0"]
[WhiteElo "2618"]
[BlackElo "2346"]
[TimeControl "180+1"]
[EndTime "10:40:29 PDT"]
[Termination "chessdjw won by checkmate"]

1. e4 e6 2. d4 d5 3. Nc3 Bb4 4. e5 c5 5. a3 Bxc3+ 6. bxc3 Ne7 7. h4 Bd7 8. a4 Qa5 9. Bd2 Nbc6 10. h5 O-O-O 11.
Nf3 h6 12. Be2 Qc7 13. Qb1 Rhf8 14. O-O c4 15. Bc1 f6 16. Ba3 Be8 17. Bd6 Rxd6 18.
exd6 Qxd6 19. Nd2 e5 20. dxe5 fxe5 21. a5 e4 22. a6 b6 23. Qe1 Qc5 24. Bg4+ Bd7 25.
Bxd7+ Kxd7 26. Qe3 Nf5 27. Qxc5 bxc5 28. Rab1 Nd6 29.
Rfe1 Rf5 30. f3 exf3 31. Nxf3 Rxh5 32. Red1 Rf5 33. Rf1 d4 34. Rfd1 Rd5 35. Rd2 g5 36. Re1 g4 37. Nh2 h5 38. Nf1 Nf5 39. Rb1 Ne5 40. Rb7+ Ke6 41. Rxa7 h4 42. Ra8 h3 43. a7 hxg2 44. Kxg2 Nf3 45. Re2+ Kf6 46. Rf8+ Kg5 47. a8=Q d3 48. Rg8+ Kf4 49. Qb8+ Ne5 50. Rxe5 Rxe5 51. Re8 Nd6 52. Qxd6 dxc2 53. Qxe5# 1-0

[Event "*** Titled Tuesday Blitz"]
[Site "Chess.com"]
[Date "2020.04.14"]
[Round "4"]
[White "Zq1"]
[Black "GMAkobianSTL"]
[Result "1-0"]
[WhiteElo "2570"]
[BlackElo "2757"]
[TimeControl "180+1"]
[EndTime "10:40:30 PDT"]
[Termination "Zq1 won on time"]

1. d4 e6 2. c4 d5 3. Nc3 c5 4. cxd5 exd5 5. Nf3 Nc6 6. g3 c4 7. Bg2 Bb4 8. O-O Nge7 9. Bd2 O-O 10. b3 Bxc3 11.
Bxc3 b5 12. bxc4 bxc4 13. Ne5 Be6 14. Rb1 Rb8 15. Qa4 Qc7 16. Nxc6 Nxc6 17. e4 Qd7 18. e5 Nxe5 19. Qxd7 Nxd7 20. f4 f6 21. f5 Bf7 22.
Bb4 Rfe8 23. Bd6 Rb6 24. Bc7 Rc6 25. Rb7 a6 26. Rfb1 c3 27. Ba5 c2 28. Rc1 Re7 29.
Bd8 Re2 30. Rxd7 Rd2 31. Bf3 Rxd4 32. Ba5 h5 33. Rd8+ Kh7 34. Rf8 Bg8 35. Bxh5 Kh6 36. Bf3 Bh7 37. g4 Kg5 38. Kf2 Kf4 39. Ke2 g6 40.
Bd2+ Rxd2+ 41. Kxd2 Kxf3 42. Rh8 Rc7 43. Rxc2 Re7 44. Rc6 gxf5 45. Rxf6 f4 46. g5 Re2+ 47. Kd1 Bc2+ 48. Kc1 d4 49. g6 d3 50. g7 Re1+ 51. Kb2 d2 52. Rd6 Rb1+ 53. Kxc2 1-0

[Event "*** Titled Tuesday Blitz"]
[Site "Chess.com"]
[Date "2020.04.14"]
[Round "4"]
[White "Lysiak_Poltorak"]
[Black "NM2019"]
[Result "1-0"]
[WhiteElo "2237"]
[BlackElo "2043"]
[TimeControl "180+1"]
[EndTime "10:40:30 PDT"]
[Termination "Lysiak_Poltorak won on time"]

1. d4 Nf6 2. c4 g6 3. Nc3 Bg7 4.
e4 d6 5. f3 e5 6. Nge2 O-O 7.
Bg5 Nbd7 8. Qd2 c6 9. O-O-O Qc7 10. h4 h5 11. Kb1 a6 12. d5 c5 13. Ng3 b5 14. cxb5 axb5 15. Bxb5 Ba6 16. Bc6 Rab8 17.
Nge2 Rb4 18. g4 hxg4 19. h5 Rfb8 20. fxg4 Rxb2+ 21. Qxb2 Rxb2+ 22. Kxb2 Nxg4 23. hxg6 fxg6 24. Rdf1 Ndf6 25. Rhg1 Qb6+ 26. Kc2 Qa5 27. Bxf6 Nxf6 28. Rxg6 Bxe2 29. Rfg1 Nh5 30. Rxd6 Qa6 31. Rd8+ Kf7 32. Rd7+ Kg8 33. Bb5 Qc8 34. Rd6 Qh3 35. Nxe2 Qe3 36. Rdg6 Qxe4+ 37. Kd2 Qb4+ 38. Kd1 Qxb5 39. R6g5 Qa4+ 40.
Ke1 Qxa2 41. Rxh5 Qb1+ 42. Kf2 Qe4 43. Rhg5 Qh7 44. Rxg7+ Qxg7 45. Rxg7+ Kxg7 46. Ke3 Kf6 47. Ke4 c4 48. Nc3 Ke7 49. Kxe5 Kd7 50. d6 1-0